 Dungeon Sprint DCSS version 0.31-a0-486-g8d68a81214 (webtiles) character file.

Game seed: 17890349525927066649

161 rocky1 the Unseen (level 5, -7/26 HPs)
             Began as a Spriggan Brigand on Aug 8, 2023.
             Mangled by a killer bee (8 damage)
             ... in the Dungeon (Sprint IV: "Fedhas' Mad Dash").
             The game lasted 00:01:31 (301 turns).

rocky1 the Unseen (Spriggan Brigand)                 Turns: 301, Time: 00:01:32

Health: -7/26      AC:  3    Str:  7    XL:     5   Next: 18%
Magic:  6/6        EV: 17    Int: 12    God:
Gold:   97         SH:  0    Dex: 19    Spells: 4/4 levels left

rFire   . . .        a - +2 dagger
rCold   . . .        (no shield)
rNeg    . . .        b - +0 robe
rPois   .            (helmet restricted)
rElec   .            c - +0 cloak
rCorr   .            (gloves unavailable)
SInv    +            (boots unavailable)
Will    .....        l - amulet of invisibility {+Inv}
Stlth   ++++++       (no ring)
HPRegen 0.24/turn    (no ring)
MPRegen 0.10/turn

%: no teleportation
@: lethally poisoned (-7 -> -11), very slightly contaminated, very quick
A: very small, no large weapons, unfitting armour, see invisible, speed 3
a: Evoke Invisibility


You were in the Dungeon.
You visited 1 branch You collected 97 gold pieces.

Inventory:

Hand Weapons
 a - a +2 dagger (weapon)
Missiles
 d - 9 poisoned darts (quivered)
 e - 3 curare-tipped darts
Armour
 b - a +0 robe (worn)
 c - a +0 cloak (worn)
Jewellery
 l - the amulet of invisibility (around neck) {+Inv}
   (You found it in the Dungeon)

   [amulet of nothing]

   +Inv:      It lets you turn invisible.
Scrolls
 k - a scroll of blinking
Potions
 g - a potion of heal wounds
 h - a potion of haste
 i - 2 potions of magic
 j - a potion of berserk rage


   Skills:
 + Level 2.2 Fighting
 * Level 4.3 Short Blades
 + Level 2.9 Throwing
 + Level 2.1 Dodging
 * Level 15.1 Stealth
 * Level 1.7 Evocations


You had 4 spell levels left.
You didn't know any spells.
Your spell library was empty.

Dungeon Overview and Level Annotations

Branches:
Dungeon (1/1)

Altars:


Innate Abilities, Weirdness & Mutations

You are very small and have problems with some larger weapons.
You are too small for most types of armour.
You have supernaturally acute eyesight. (SInv)
You cover ground extremely quickly. (Speed+++)


Message History

The killer bee is lightly wounded.
You feel sick. The killer bee completely misses you.
Unknown command.
You miss the killer bee.
The killer bee is lightly wounded.
You flicker for a moment.
You feel sick. The killer bee closely misses you.
The queen bee buzzes angrily.
You hit the killer bee.
The killer bee is moderately wounded.
You feel sick. The killer bee barely misses you. x2
The killer bee stings you. x2
* * * LOW HITPOINT WARNING * * *
You are lethally poisoned!
The killer bee poisons you!
* * * LOW HITPOINT WARNING * * *
You feel sick.
Unknown command.
You feel better.
Unknown command.
The killer bee closely misses you.
You flicker back into view.
The killer bee closely misses you.
There is an open door here.
You hit the killer bee but do no damage.
The killer bee is moderately wounded.
The killer bee stings you.
* * * LOW HITPOINT WARNING * * *
You are lethally poisoned!
The killer bee poisons you!
* * * LOW HITPOINT WARNING * * *
You feel sick.
You barely miss the killer bee.
* * * LOW HITPOINT WARNING * * *
You feel sick. The killer bee misses you.
You hit the killer bee.
The killer bee is heavily wounded.
* * * LOW HITPOINT WARNING * * *
You feel sick. The killer bee stings you!
You die...

##################
#<..P#....†#.....#
#P...'.....'.#...+
#PP.P#.....#.#...#
###############'##
#...♣...y...yy@..#
#......♣.....#y..#
#...y.♣..♣..######
##+####+#####


You could see a queen bee and 3 killer bees.

Vanquished Creatures
  A scorpion (D)
  A killer bee (D)
  2 oklob saplings (D)
  A river rat (D)
  A rat (D)
6 creatures vanquished.

Notes
Turn   | Place    | Note
-------+----------+-------------------------------------------
     0 | D        | rocky1 the Spriggan Brigand began the quest for the Orb.
     0 | D        | Reached XP level 1. HP: 10/10 MP: 2/2
    12 | D        | Reached skill level 8 in Stealth
    12 | D        | Reached XP level 2. HP: 15/15 MP: 3/3
   120 | D        | Noticed an oklob sapling
   122 | D        | Killed an oklob sapling
   123 | D        | Reached skill level 10 in Stealth
   123 | D        | Reached XP level 3. HP: 18/18 MP: 4/4
   125 | D        | Noticed a scorpion
   125 | D        | Found the amulet of invisibility {+Inv}
   127 | D        | Killed a scorpion
   128 | D        | Reached skill level 13 in Stealth
   128 | D        | Reached XP level 4. HP: 23/23 MP: 5/5
   258 | D        | Reached skill level 14 in Stealth
   275 | D        | Noticed a queen bee
   285 | D        | Reached skill level 15 in Stealth
   285 | D        | Reached skill level 1 in Evocations
   285 | D        | Reached XP level 5. HP: 20/26 MP: 6/6
   301 | D        | HP: 1/26 [poisoned by a killer bee]
   301 | D        | Mangled by a killer bee

Illustrated notes

Levels and vault maps discovered:
D:        dungeon_sprint_fedhas [sprint_temple]

Skill      XL: |  1  2  3  4 |
---------------+-------------+-----
Stealth        | 8 10 13 15 | 15.1
Short Blades   | 3 4 |  4.3
Fighting       | 2 |  2.2
Dodging        | 2 |  2.1
Evocations     | 1 |  1.7
Throwing       | |  2.9

Action                     |  1- 3 |  4- 6 || total
---------------------------+-------+-------++-------
  Melee: Dagger            |     6 |     9 ||    15
Ability: Evoke Invisibilit |       |     1 ||     1
    Use: Potion            |       |     1 ||     1
   Stab: Sleeping          |     4 |     1 ||     5
         Invisible         |       |     1 ||     1
  Dodge: Dodged            |       |    12 ||    12

Table legend: (Time is in decaauts)
 A = Elapsed time spent in this place.
 B = Non-inter-level travel time spent in this place.
 C = Inter-level travel time spent in this place.
 D = Time resting spent in this place.
 E = Time spent auto-exploring this place.
 F = Levels seen in this place.
 G = Mean time per level.
                   A        B        C        D        E       F      G
               +--------+--------+--------+--------+--------+-----+--------+
         Total |    272 |    272 |      0 |    200 |      0 |   1 |  272.0 |
       Dungeon |    272 |    272 |      0 |    200 |      0 |   1 |  272.0 |
               +--------+--------+--------+--------+--------+-----+--------+

Top non-repeatable levels by time:
       D: 272 daAuts
